 Dungeon Crawl Stone Soup version 0.31-a0-8-gd14b0f4ee2 (webtiles) character file.

Game seed: 7493121066604952668

21 Morbidden the Conjurer (level 2, -2/19 HPs)
             Began as a Barachi Conjurer on May 7, 2023.
             Killed from afar by Natasha (6 damage)
             ... with a puff of flame
             ... on level 2 of the Dungeon.
             The game lasted 00:01:29 (1069 turns).

Morbidden the Conjurer (Barachi Conjurer)           Turns: 1069, Time: 00:01:30

Health: -2/19      AC:  2    Str:  8    XL:     2   Next: 83%
Magic:  4/5        EV: 12    Int: 18    God:
Gold:   86         SH:  0    Dex: 16    Spells: 4/5 levels left

rFire   . . .        (no weapon)
rCold   . . .        (no shield)
rNeg    . . .        d - +0 robe
rPois   .            (no helmet)
rElec   .            (no cloak)
rCorr   .            (no gloves)
SInv    .            (no boots)
Will    .....        (no amulet)
Stlth   ++           f - +6 ring of dexterity
HPRegen 0.23/turn    (no ring)
MPRegen 0.09/turn

%: no passive effects
@: slowed, very slow
A: amphibious, slowness 1, strong legs 1, +LOS
a: Hop


You were on level 2 of the Dungeon.
You visited 1 branch of the dungeon, and saw 2 of its levels.

You collected 86 gold pieces.

Inventory:

Missiles
 a - 3 poisoned darts (quivered)
Armour
 d - a +0 robe (worn)
Jewellery
 f - a +6 ring of dexterity (left hand)
Scrolls
 c - a scroll of fog {unknown}
 g - a scroll of poison {unknown}
 h - a scroll of identify {unknown}
 i - a scroll of magic mapping {unknown}
Potions
 b - a potion of magic
 e - a potion of curing {unknown}


   Skills:
 * Level 1.1 Armour
 * Level 2.2 Dodging
 + Level 1.9 Stealth
 * Level 2.3 Spellcasting
 * Level 4.9 Conjurations


You had 4 spell levels left.
You knew the following spells:

 Your Spells              Type           Power      Damage    Failure   Level
a - Magic Dart            Conj           76%        1d6       2%          1

Your spell library contained the following spells:

 Spells                   Type           Power      Damage    Failure   Level
 Searing Ray              Conj           38%        2d5       3%          2
 Dazzling Flash           Conj/Hex       20%        N/A       19%         3
 Fulminant Prism          Conj/Hex       5%         3d7       54%         4
 Iskenderun's Mystic Bla  Conj/Tloc      10%        2d4       54%         4


Dungeon Overview and Level Annotations

Branches:
Dungeon (2/15)

Altars:

Annotations:
D:2 Natasha


Innate Abilities, Weirdness & Mutations

You are amphibious.
You cover ground slowly.
You can hop short distances.
You have an extended range of vision and can be seen from far away.


Message History

Press: ? - help, Shift-Dir - straight line, f/p - Natasha
Aim: Natasha, carrying a wand of flame (18) (moderately wounded, 100% to hit)
The magic dart hits Natasha.
Natasha is severely wounded.
Natasha mumbles some strange words.
The cerulean imp hits you but does no damage.
Unknown command.
Unknown command.
The giant cockroach completely misses you.
The cerulean imp hits you from afar with a +2 spear.
Press: ? - help, v - describe, . - travel The floor, spattered with blood.
The giant cockroach misses you. The cerulean imp barely misses you.
The giant cockroach bites you.
The cerulean imp hits you from afar with a +2 spear.
The giant cockroach closely misses you.
The giant cockroach completely misses you.
The cerulean imp closely misses you.
Natasha casts a spell.
The giant cockroach closely misses you. The cerulean imp completely misses you.
The giant cockroach bites you.
The cerulean imp hits you from afar with a +2 spear.
The giant cockroach attacks as you move away!
The giant cockroach barely misses you.
The cerulean imp disappears in a puff of smoke!
The giant cockroach barely misses you.
The giant cockroach attacks as you move away!
The giant cockroach closely misses you.
The giant cockroach bites you but does no damage.
Natasha stares at you and mumbles some strange words.
You resist with significant effort. The cerulean imp closely misses you.
The giant cockroach barely misses you. Natasha claws you.
The cerulean imp hits you from afar with a +0 spear.
* * * LOW HITPOINT WARNING * * *
The giant cockroach closely misses you.
The giant cockroach attacks as you move away!
The giant cockroach bites you but does no damage.
Natasha zaps a wand.
The puff of flame hits you.
You die...

######+#...####.#+### #.##.#
...............[....####.##.#
...........##.......#.......#
...........##)......#.##.########
...>..?....##.......#.##.......).
###5..##.5....(#.##########.
#5..###........#.# #..#.
#.#.###..........#######.)(.
#.#......h.@###..<..#....<##
#.......5B....#..##.#.......
######.######.#...#.#....###
#....# #.##.##.......# #.####
#.##....#.....# # #.#####.#....##
#.#####.#....... #.......########
#########


You could see Natasha, 2 cerulean imps and a giant cockroach.

Vanquished Creatures
  2 ball pythons (D:1)
  3 endoplasms (D:1)
  A giant cockroach (D:1)
  3 goblins (D:1)
  A kobold (D:1)
  2 quokkas (D:1)
  A bat (D:1)
  3 frilled lizards (D:1)
  2 rats (D:1)
18 creatures vanquished.

Notes
Turn   | Place    | Note
-------+----------+-------------------------------------------
     0 | D:1      | Morbidden the Barachi Conjurer began the quest for the Orb.
     0 | D:1      | Reached XP level 1. HP: 13/13 MP: 3/3
   267 | D:1      | Reached XP level 2. HP: 19/19 MP: 1/5
   494 | D:1      | Reached skill level 1 in Armour
  1056 | D:2      | Noticed Natasha
  1069 | D:2      | Killed from afar by Natasha

Illustrated notes

Levels and vault maps discovered:
D:1:      erik_arrival_triangle_medium, layout_basic, minmay_strange_pillars,
          chequers_jeans
D:2:      layout_basic, uniq_natasha

Skill      XL: |  1  2 |
---------------+-------+-----
Armour         | 1 |  1.1
Dodging        | |  2.2
Stealth        | |  1.9
Spellcasting   | |  2.3
Conjurations   | |  4.9

Action                     || total
---------------------------++-------
  Melee: Unarmed           ||    13
  Throw: Dart              ||     2
   Cast: Magic Dart        ||    37
 Armour: Robe              ||     5
  Dodge: Dodged            ||    24

Table legend: (Time is in decaauts)
 A = Elapsed time spent in this place.
 B = Non-inter-level travel time spent in this place.
 C = Inter-level travel time spent in this place.
 D = Time resting spent in this place.
 E = Time spent auto-exploring this place.
 F = Levels seen in this place.
 G = Mean time per level.
                   A        B        C        D        E       F      G
               +--------+--------+--------+--------+--------+-----+--------+
         Total |   1202 |   1184 |     18 |     34 |   1003 |   2 |  601.0 |
       Dungeon |   1202 |   1184 |     18 |     34 |   1003 |   2 |  601.0 |
               +--------+--------+--------+--------+--------+-----+--------+

Top non-repeatable levels by time:
     D:1: 1090 daAuts
     D:2: 112 daAuts
